 Dungeon Crawl Stone Soup version 0.20.1-1-g8b1a95d (webtiles) character file.

2903 gungr the Transmogrifier (level 9, -1/81 HPs)
             Began as an Octopode Transmuter on Nov 3, 2017.
             Was a Believer of Ru.
             Succumbed to Irenicus's ghost's poison
             ... on level 8 of the Dungeon on Nov 7, 2017.
             The game lasted 00:37:18 (7885 turns).

gungr the Transmogrifier (Octopode Transmuter)      Turns: 7885, Time: 00:37:19

Health: -1/81      AC: 24    Str:  9    XL:     9   Next: 78%
Magic:  6/13       EV:  2    Int: 19    God:    Ru [**....]
Gold:   253        SH:  0    Dex: 12    Spells: 2/13 levels left

rFire    . . .     SeeInvis .     - Unarmed
rCold    . . .     Gourm    .   (no shield)
rNeg     + + +     Faith    .   (helmet currently unavailable)
rPois    +         Spirit   .   (no amulet)
rElec    .         Reflect  .   f - ring of poison resistance
rCorr    .         Harm     .   y - ring of stealth
MR       .....     NoTele   +   (no ring)
Stlth    ..........             (no ring)
Regen    0.3/turn               (no ring)
MPRegen  0.2/turn               (no ring)
                                (no ring)
                                (no ring)

@: lethally poisoned (-1 -> -10), tree-form
A: almost no armour, stealthy swim, (amphibious), 8 rings, (constrict 8),
inability to read while threatened, no stealth, disrupted magic 1
a: Renounce Religion


You were on level 8 of the Dungeon.
You worshipped Ru.
Ru was pleased with you.
You were not hungry.
You were a tree.
You visited 1 branch of the dungeon, and saw 8 of its levels.

You collected 253 gold pieces.

Inventory:

Missiles
 a - 162 arrows
Jewellery
 f - a ring of poison resistance (left branch)
 k - a +6 ring of intelligence {unknown}
 y - a ring of stealth (right branch)
Wands
 p - a wand of lightning (15/15)
Scrolls
 d - a scroll of blinking
 e - a scroll of enchant armour
 h - 3 scrolls of teleportation
 j - a scroll of remove curse
 l - 5 scrolls of identify
 m - 2 scrolls of amnesia {unknown}
 w - a scroll of recharging
 B - a scroll of acquirement {unknown}
Potions
 g - a potion of brilliance
 o - a potion of haste {unknown}
 q - a potion of invisibility {unknown}
 s - 2 potions of agility {unknown}
 u - a potion of flight {unknown}
 v - a potion of might {unknown}
 x - a potion of degeneration {unknown}
 z - 2 potions of cancellation {unknown}
Books
 b - a book of Changes

   Spells                             Type                      Level
   a - Beastly Appendage              Transmutation                1
   b - Sticks to Snakes               Transmutation                2
   c - Spider Form                    Transmutation/Poison         3
   d - Ice Form                       Ice/Transmutation            4
   e - Blade Hands                    Transmutation                5
 A - a book of Callings

   Spells                             Type                      Level
   a - Summon Small Mammal            Summoning                    1
   b - Call Imp                       Summoning                    2
   c - Call Canine Familiar           Summoning                    3
   d - Summon Guardian Golem          Hexes/Summoning              3
   e - Summon Lightning Spire         Summoning/Air                4
   f - Summon Ice Beast               Ice/Summoning                4
Comestibles
 t - 4 meat rations


   Skills:
 + Level 2.0 Fighting
 + Level 2.6 Dodging
 * Level 6.6 Unarmed Combat
 + Level 2.6 Spellcasting
 + Level 11.3 Transmutations


You had 2 spell levels left.
You knew the following spells:

 Your Spells              Type           Power        Failure   Level  Hunger
a - Beastly Appendage     Tmut           #####.       1%          1    None
b - Sticks to Snakes      Tmut           #####...     1%          2    ##.....
c - Spider Form           Tmut/Pois      ###.......   8%          3    ###....
d - Blade Hands           Tmut           #####.....   7%          5    ######.


Dungeon Overview and Level Annotations

Branches:
Dungeon (8/15)
 Temple: D:4-7         Lair: D:8-11

Altars:
Ru

Annotations:
D:4 Sigmund
D:5 Dowan
D:6 soepske's ghost, amateur MiBe
D:7 Prince Ribbit


Innate Abilities, Weirdness & Mutations

You cannot wear most types of armour.
You are very stealthy in the water. (Stealth+)
((You are amphibious.))
You can wear up to eight rings at the same time.
((You can use your tentacles to constrict eight enemies at once.))
((Your skin changes colour to match your surroundings (Stealth+).))
((Your rubbery body absorbs attacks. (AC +1, EV +1)))
You cannot read scrolls while threatened.
You cannot be stealthy.
Your casting is slightly disrupted.


Message History

* * * LOW HITPOINT WARNING * * *
You feel sick. Irenicus's ghost hits you.
* * * LOW HITPOINT WARNING * * *
You smack Irenicus's ghost!
Irenicus's ghost is almost destroyed.
* * * LOW HITPOINT WARNING * * *
You feel sick.
Irenicus's ghost is infused with unholy energy, but nothing happens.
You smack Irenicus's ghost!
You destroy Irenicus's ghost!
Your Fighting skill increases to level 2!
* * * LOW HITPOINT WARNING * * *
You feel sick.
You smack the adder skeleton!
You punch the adder skeleton.
You destroy the adder skeleton!
* * * LOW HITPOINT WARNING * * *
You feel sick.
Okay, then.
You eat the royal jelly.
That royal jelly was delicious!
You die...

## ##...## # ... ##'##
#.#.# #.# .#.##
#######.## ...
#........### #W#
#.####...#.## #S# #.#
#.......# #.# #.#
#....#.########.#
###.###.#..#....♣(....#
........##.############
###........# ##########


There were no monsters in sight!

Vanquished Creatures
  The ghost of Irenicus the Cleaver, a novice DDNe of Makhleb (D:8)
  A hippogriff (D:7)
  2 orc warriors
  A sky beast (D:5)
  3 ogres
  A phantom (D:7)
  2 centaurs
  4 bullfrogs
  2 scorpions
  3 howler monkeys
  A crimson imp (D:8)
  2 hounds
  4 orc priests
  Crazy Yiuf (D:5)
  7 orc wizards
  5 worker ants
  A mummy (D:7)
  A worker ant zombie (D:7)
  A howler monkey skeleton (D:5)
  13 adders
  2 gnolls
  A shadow imp (D:7)
  3 adder skeletons
  A worm (D:5)
  2 dart slugs
  7 leopard geckos
  16 orcs
  4 giant cockroaches
  10 goblins
  4 hobgoblins
  20 jackals
  2 quokkas
  A ball python (D:1)
  7 bats
  7 frilled lizards
  A hobgoblin zombie (D:7)
  A jackal skeleton (D:4)
  3 kobolds
  An orc zombie (D:7)
  9 rats
158 creatures vanquished.

Vanquished Creatures (collateral kills)
  An ogre (D:5)
  A centaur (D:5)
  A howler monkey (D:4)
  An orc priest (D:4)
  An orc wizard (D:7)
  A hound skeleton (D:5)
  3 gnolls (D:5)
  6 orcs
  A quokka zombie (D:6)
16 creatures vanquished.

Grand Total: 174 creatures vanquished

Notes
Turn   | Place    | Note
-------+----------+-------------------------------------------
     0 | D:1      | gungr the Octopode Transmuter began the quest for the Orb.
     0 | D:1      | Reached XP level 1. HP: 13/13 MP: 3/3
   141 | D:1      | Reached XP level 2. HP: 10/18 MP: 5/5
   446 | D:1      | Reached XP level 3. HP: 22/23 MP: 6/6
  1092 | D:2      | Reached XP level 4. HP: 23/28 MP: 7/7
  1096 | D:2      | Learned a level 2 spell: Sticks to Snakes
  1280 | D:2      | Reached skill level 5 in Unarmed Combat
  1665 | D:2      | Found a faded altar of an unknown god.
  1667 | D:2      | Became a worshipper of Ru the Awakened
  1686 | D:2      | Gained mutation: You cannot read scrolls while threatened. [Ru sacrifice]
  1686 | D:2      | Reached * piety under Ru
  1980 | D:2      | Learned a level 3 spell: Spider Form
  2091 | D:3      | Reached XP level 5. HP: 33/33 MP: 1/8
  3057 | D:4      | Reached skill level 3 in Transmutations
  3057 | D:4      | Reached XP level 6. HP: 33/38 MP: 1/9
  3373 | D:4      | Reached skill level 4 in Transmutations
  3437 | D:4      | Noticed a phantom
  3601 | D:4      | Reached skill level 5 in Transmutations
  3601 | D:4      | Reached XP level 7. HP: 31/43 MP: 4/10
  3779 | D:5      | Entered Level 5 of the Dungeon
  4188 | D:5      | Noticed Sigmund
  4231 | D:5      | Gained mutation: Your casting is slightly disrupted. [Ru sacrifice]
  4231 | D:5      | Reached ** piety under Ru
  4233 | D:5      | Noticed Dowan
  4742 | D:5      | Reached skill level 6 in Transmutations
  4975 | D:5      | Found a runed door.
  4979 | D:5      | Noticed Crazy Yiuf
  4984 | D:5      | Killed Crazy Yiuf
  5060 | D:5      | Reached skill level 7 in Transmutations
  5060 | D:5      | Reached XP level 8. HP: 22/48 MP: 2/11
  5391 | D:6      | Noticed soepske's ghost (amateur MiBe)
  5446 | D:7      | Noticed a hornet
  5500 | D:6      | Reached skill level 8 in Transmutations
  6203 | D:6      | Noticed a red ugly thing
  6240 | D:7      | Noticed Prince Ribbit
  6314 | D:7      | Learned a level 5 spell: Blade Hands
  6352 | D:7      | Reached skill level 9 in Transmutations
  6952 | D:7      | Reached skill level 10 in Transmutations
  6952 | D:7      | Reached XP level 9. HP: 33/53 MP: 9/12
  7464 | D:8      | Reached skill level 11 in Transmutations
  7468 | D:8      | Gained mutation: You cannot be stealthy. [Ru sacrifice]
  7851 | D:8      | Noticed Irenicus's ghost (novice DDNe)
  7881 | D:8      | HP: 3/79 [Irenicus's ghost (1)]
  7883 | D:8      | Killed Irenicus's ghost
  7883 | D:8      | HP: 1/81 [poisoned by Irenicus's ghost]
  7885 | D:8      | Succumbed to Irenicus's ghost's poison

Skill      XL: |  1  2  3  4  5  6  7  8  9 |
---------------+----------------------------+-----
Unarmed Combat | 4 5 6 |  6.6
Transmutations | 3 5 7 10 11 | 11.3
Fighting       | 2 |  2.0
Dodging        | |  2.6
Spellcasting   | |  2.6

Action                   |  1- 3 |  4- 6 |  7- 9 || total
-------------------------+-------+-------+-------++-------
Melee: Unarmed           |    60 |   162 |   260 ||   482
       Constrict         |    20 |    35 |    33 ||    88
       Tentacles         |    12 |    23 |    22 ||    57
       Punch             |     1 |     5 |     5 ||    11
       Kick              |       |     5 |    11 ||    16
 Cast: Sticks to Snakes  |       |    21 |    33 ||    54
       Beastly Appendage |       |     5 |     9 ||    14
       Spider Form       |       |       |    13 ||    13
       Blade Hands       |       |       |     5 ||     5
Invok: Sacrifice Words   |       |     1 |       ||     1
       Sacrifice Essence |       |       |     1 ||     1
       Sacrifice Stealth |       |       |     1 ||     1
  Use: Potion            |       |     3 |     3 ||     6
       Scroll            |       |       |    13 ||    13
 Stab: Sleeping          |     5 |     4 |     5 ||    14
       Distracted        |       |       |     2 ||     2
  Eat: Bread ration      |       |     3 |     2 ||     5
       Royal jelly       |       |       |     3 ||     3
       Fruit             |       |       |     4 ||     4
Armor: Skin              |     5 |    15 |    11 ||    31
Dodge: Dodged            |    29 |    94 |   129 ||   252
